 Dungeon Crawl Stone Soup version 0.29-a0-1052-g6990b1bffc (webtiles) character file.

Game seed: 7192818034293649510

413 Ijustatesigmund the Grave Robber (level 6, -3/35 HPs)
             Began as a Deep Elf Necromancer on Aug 17, 2022.
             Slain by a phantom (7 damage)
             ... on level 3 of the Dungeon.
             The game lasted 00:10:50 (4847 turns).

Ijustatesigmund the Grave Robber (DENe)             Turns: 4847, Time: 00:10:51

Health: -3/35      AC:  3    Str:  5    XL:     6   Next: 59%
Magic:  12/15      EV: 12    Int: 22    God:
Gold:   74         SH:  0    Dex: 15    Spells: 7/15 levels left

rFire   . . .      SeeInvis .   f - +2 rapier
rCold   . . .      Faith    .   (no shield)
rNeg    . . .      Spirit   .   a - +1 robe
rPois   .          Reflect  .   (no helmet)
rElec   .          Harm     .   (no cloak)
rCorr   .          Rampage  .   (no gloves)
Will    .....                   (no boots)
Stlth   ++........              (no amulet)
HPRegen 0.11/turn               (no ring)
MPRegen 0.14/turn               (no ring)

@: attractive
A: no striking features
a: no special abilities


You were on level 3 of the Dungeon.
You visited 1 branch of the dungeon, and saw 5 of its levels.

You collected 144 gold pieces.
You spent 70 gold pieces at shops.

Inventory:

Hand Weapons
 e - a +2 flail of protection
 f - a +2 rapier (weapon)
Missiles
 l - a throwing net
Armour
 a - a +1 robe (worn)
 h - a +0 kite shield
Jewellery
 m - a ring of ice
Scrolls
 d - a scroll of blinking
 i - 2 scrolls of teleportation
 k - 2 scrolls of identify
Potions
 b - a potion of magic
 c - a potion of ambrosia
 g - 2 potions of flight
 o - a potion of cancellation


   Skills:
 + Level 1.9 Fighting
 + Level 2.2 Short Blades
 - Level 2.4 Dodging
 - Level 2.4 Stealth
 + Level 5.2 Spellcasting
 + Level 2.1 Conjurations
 + Level 6.3 Necromancy
 + Level 2.2 Fire Magic


You had 7 spell levels left.
You knew the following spells:

 Your Spells              Type           Power      Damage    Failure   Level
a - Necrotise             Necr           100%       1d9       1%          1
b - Vampiric Draining     Necr           33%        2d8       2%          3
c - Sticky Flame          Conj/Fire      15%        2d4       38%         4

Your spell library contained the following spells:

 Spells                   Type           Power      Damage    Failure   Level
 Animate Dead             Necr           33%        N/A       8%          4
 Dispel Undead            Necr           33%        3d14      8%          4
 Slow                     Hex            20%        N/A       10%         1
 Static Discharge         Conj/Air       10%        3-5/arc   10%         2
 Agony                    Necr           33%        N/A       21%         5
 Confusing Touch          Hex            5%         N/A       30%         3


Dungeon Overview and Level Annotations

Branches:
Dungeon (5/15)
 Temple: D:4-7

Altars:
Vehumet

Shops:
D:4 ?


Message History

The spell is extremely dangerous to miscast (38% risk of failure)!
Continue anyway?
Aiming: Sticky Flame (extremely dangerous; 38% risk of failure)
Press: ? - help, Shift-Dir - straight line, f - phantom
Aim: a phantom (lightly damaged, 100% to hit)
The sticky flame hits the phantom.
The phantom is moderately damaged.
The phantom hits you but does no damage.
You barely miss the phantom.
The phantom is moderately damaged.
The phantom hits you.
The phantom blinks!
You blink.
You hit the phantom. Your punch misses the phantom.
The phantom is heavily damaged.
The phantom hits you.
* * * LOW HITPOINT WARNING * * *
The phantom blinks!
You blink.
You closely miss the phantom.
The phantom is heavily damaged.
The phantom hits you but does no damage.
You closely miss the phantom.
The phantom is heavily damaged.
The phantom hits you but does no damage.
You hit the phantom.
The phantom is heavily damaged.
The phantom hits you.
* * * LOW HITPOINT WARNING * * *
It was a potion of attraction.
You feel attractive to monsters. The phantom barely misses you.
You hit the phantom.
The phantom is heavily damaged.
The phantom hits you.
* * * LOW HITPOINT WARNING * * *
You closely miss the phantom.
The phantom is heavily damaged.
The phantom barely misses you.
Okay, then.
You closely miss the phantom.
The phantom is heavily damaged.
The phantom hits you!
You die...

##
##..###################
.......................
##.W..)############
#@...?# ###
#.#####.....# ###..
............+ ....#####
#.#####.....# #.......
#.....# ##...#.#.
#.....# ##..#.....
####### #.....#.#.
#.#....... ###...#.....


You could see a phantom.

Vanquished Creatures
  A necrophage (D:5)
  3 hounds
  An iguana (D:5)
  5 adders
  3 worms
  3 dart slugs
  5 orcs
  5 ball pythons
  A bat (D:2)
  11 endoplasms
  3 giant cockroaches
  4 goblins
  10 hobgoblins
  5 jackals (D:4)
  4 quokkas
  7 kobolds
  5 rats
76 creatures vanquished.

Vanquished Creatures (collateral kills)
  An ogre (D:4)
  An adder (D:4)
  An endoplasm (D:2)
  A hobgoblin (D:1)
  A jackal (D:4)
  A kobold (D:4)
  A rat (D:2)
7 creatures vanquished.

Grand Total: 83 creatures vanquished

Notes
Turn   | Place    | Note
-------+----------+-------------------------------------------
     0 | D:1      | Ijustatesigmund the Deep Elf Necromancer began the quest
                  | for the Orb.
     0 | D:1      | Reached XP level 1. HP: 10/10 MP: 6/6
   101 | D:1      | Reached skill level 5 in Necromancy
   262 | D:1      | Reached XP level 2. HP: 15/15 MP: 4/8
   505 | D:1      | Found a faded altar of an unknown god.
   822 | D:2      | Reached XP level 3. HP: 19/19 MP: 8/10
   826 | D:2      | Learned a level 3 spell: Vampiric Draining
  2491 | D:3      | Reached XP level 4. HP: 24/24 MP: 6/12
  2727 | D:3      | Found a radiant altar of Vehumet.
  2748 | D:3      | Learned a level 4 spell: Sticky Flame
  3061 | D:3      | Noticed a phantom
  3116 | D:4      | Reached skill level 1 in Short Blades
  3124 | D:4      | Reached skill level 1 in Fighting
  3302 | D:4      | Noticed an ogre
  3311 | D:4      | Killed an ogre
  3312 | D:4      | Reached skill level 1 in Conjurations
  3312 | D:4      | Reached skill level 6 in Necromancy
  3312 | D:4      | Reached skill level 1 in Fire Magic
  3312 | D:4      | Reached XP level 5. HP: 29/29 MP: 5/14
  3877 | D:4      | Found Tyentani's Magic Scroll Shop.
  3897 | D:4      | Bought a scroll of teleportation for 42 gold pieces
  3897 | D:4      | Bought a scroll of identify for 28 gold pieces
  4220 | D:5      | Entered Level 5 of the Dungeon
  4223 | D:5      | Reached XP level 6. HP: 34/34 MP: 12/15
  4258 | D:5      | Reached skill level 5 in Spellcasting
  4847 | D:3      | Slain by a phantom

Illustrated notes

Levels and vault maps discovered:
D:1:      saegor_arrival_simple_e, layout_basic,
          hellmonk_ecumenical_altar_arch_garden
D:2:      layout_basic, serial_curves, eino_curves_02, eino_curves_03
D:3:      layout_basic, nicolae_vehumet_radiance
D:4:      layout_cave_pools, serial_shops, nicolae_shop_waterfront
D:5:      layout_rooms, minmay_temple_entry_poolview

Skill      XL: |  1  2  3  4  5  6 |
---------------+-------------------+-----
Necromancy     | 5 6 |  6.3
Spellcasting   | 4 5 |  5.2
Short Blades   | 1 2 |  2.2
Fighting       | 1 |  1.9
Conjurations   | 1 2 |  2.1
Fire Magic     | 1 2 |  2.2
Dodging        | |  2.4
Stealth        | |  2.4

Action                   |  1- 3 |  4- 6 || total
-------------------------+-------+-------++-------
Melee: Rapier            |     2 |    48 ||    50
       Short sword       |     1 |       ||     1
 Cast: Necrotise         |    73 |    63 ||   136
       Vampiric Draining |     1 |     2 ||     3
       Sticky Flame      |       |     1 ||     1
  Use: Scroll            |     9 |     8 ||    17
       Potion            |       |     2 ||     2
Armor: Robe              |     2 |    11 ||    13
Dodge: Dodged            |     5 |    33 ||    38

Table legend: (Time is in decaauts)
 A = Elapsed time spent in this place.
 B = Non-inter-level travel time spent in this place.
 C = Inter-level travel time spent in this place.
 D = Time resting spent in this place.
 E = Time spent auto-exploring this place.
 F = Levels seen in this place.
 G = Mean time per level.
                   A        B        C        D        E       F      G
               +--------+--------+--------+--------+--------+-----+--------+
         Total |   4852 |   4717 |    135 |    892 |   3290 |   5 |  970.4 |
       Dungeon |   4852 |   4717 |    135 |    892 |   3290 |   5 |  970.4 |
               +--------+--------+--------+--------+--------+-----+--------+

Top non-repeatable levels by time:
     D:4: 1425 daAuts
     D:2: 1420 daAuts
     D:3: 942 daAuts
     D:1: 818 daAuts
     D:5: 244 daAuts
